cohdb
Replays
Latest Replays
All Replays
Popular Replays
Top Player Replays
Match Explorer
How It Works
Community
CoH3 Stats
Reddit
Sign in to upload your games and track your stats! →
Sign in with Steam
Match 42825222
Unlisted
Match 42825222
Overview
Messages
Build Orders
End
Kradschützen Motorcycle Team
Selects Armored Support Battlegroup
Panzerpioneer Squad
Panzergrenadier Squad
Panzergrenadier Squad
250 Light Carrier
Construct Light Support Kompanie
Selects Superior Fire Drills
Combat Half-tracks
Assault Mechanized Group
Fire Support Elements
Flakvierling Half-track
2.5-tonne Medical Truck
Selects Salvage Kits
Trion
Ⅲ♈羞涩的信封
0
0
Comments
sign in to comment!
No comments posted yet!